 Dungeon Crawl Stone Soup version 0.31.0 (webtiles) character file.

Game seed: 2818835160267546024

35596 qw the Marksgargoyle (level 13, -10/84 HPs)
             Began as a Gargoyle Hunter on Jan 20, 2024.
             Was a High Priest of Okawaru.
             Mangled by an eight-headed hydra (13 damage)
             ... on level 5 of the Lair of Beasts.
             The game lasted 00:01:28 (12442 turns).

qw the Marksgargoyle (Gargoyle Hunter)             Turns: 12442, Time: 00:01:29

Health: -10/84     AC: 20    Str: 22    XL:     13   Next: 84%
Magic:  17/20      EV: 17    Int:  8    God:    Okawaru [*****.]
Gold:   691        SH:  0    Dex: 27    Spells: 12/12 levels left

rFire   + . .        w - +0 longbow
rCold   . . .        (shield currently unavailable)
rNeg    + . .        i - +0 ring mail
rPois   inf          u - +0 helmet
rElec   +            (no cloak)
rCorr   .            f - +1 pair of gloves
SInv    +            d - +0 pair of boots
Will    .....        (no amulet)
Stlth   ++           g - +6 ring of strength
HPRegen 0.34/turn    m - +6 ring of dexterity
MPRegen 0.17/turn

%: no passive effects
@: about to teleport, finesse-ful, marked
A: sickness immunity, AC +9, negative energy resistance 1, electricity
resistance, torment resistance 1, petrification resistance, see invisible, agile
1, fire resistance 1
a: Renounce Religion, Heroism, Finesse, Duel


You were on level 5 of the Lair of Beasts.
You worshipped Okawaru.
Okawaru was extremely pleased with you.
You visited 3 branches of the dungeon, and saw 14 of its levels.
You also visited: Sewer.

You collected 691 gold pieces.


Innate Abilities, Weirdness & Mutations

You are immune to sickness and miasma.
Your stone body is resilient. (AC +9)
You are immune to poison.
You resist negative energy. (rN+)
You are resistant to electric shocks. (rElec)
You are resistant to unholy torment.
You are immune to petrification.
You have supernaturally acute eyesight. (SInv)
You are agile. (Dex +4, Str/Int -1)
Your flesh is heat resistant. (rF+)


   Skills:
 - Level 11.1 Fighting
 + Level 16.9 Ranged Weapons
 - Level 6.1 Armour
 - Level 7.0 Dodging
 - Level 1.1 Stealth
 - Level 10.0 Invocations


You had 12 spell levels left.
You didn't know any spells.
Your spell library was empty.

Inventory:

Hand Weapons
 w - a +0 longbow (weapon)
Armour
 d - a +0 pair of boots (worn)
 f - a +1 pair of gloves (worn)
 i - a +0 ring mail (worn)
 u - a +0 helmet (worn)
Jewellery
 g - a +6 ring of strength (left hand)
 m - a +6 ring of dexterity (right hand)
Wands
 b - a wand of iceblast (6)
 k - a wand of quicksilver (4)
 o - a wand of polymorph (17)
 s - a wand of paralysis (8)
 t - a wand of mindburst (19)
Scrolls
 j - a scroll of teleportation
 l - 3 scrolls of identify
Potions
 a - 4 potions of enlightenment
 c - 2 potions of curing
 n - 2 potions of mutation
 p - 2 potions of might
 q - 2 potions of haste
 r - a potion of cancellation

Dungeon Overview and Level Annotations

Branches:
Dungeon (8/15)             Temple (1/1) D:6            Lair (5/5) D:8
  Swamp (0/4) Lair:3        Snake (0/4) Lair:2        Slime (0/5) Lair:4
  Sewer (visited)

Altars:
Ashenzari
Cheibriados
Dithmenos
Elyvilon
Fedhas
Gozag
Hepliaklqana
Kikubaaqudgha
Makhleb
Nemelex Xobeh
Okawaru
Qazlal
Ru
Sif Muna
Trog
Uskayaw
Vehumet
Wu Jian
Xom
Yredelemnul
Zin
The Shining One
Jiyva

Shops:
D:3 [

Annotations:
D:3 1 runed translucent door, qw's ghost, weakling GrHu


Message History

You feel strangely unstable.
A malevolent force fills the Lair of Beasts...
With a horrendous wail, an alarm goes off!
A sentinel's mark forms upon you.
The komodo dragon hisses angrily.
You hear a roar!
You hear an angry hiss.
You hear a trumpeting!
You hear a roar!
You hear a trumpeting!
You hear an angry hiss. x2; You hear a trumpeting! x2
You hear a loud, deep croak!
You hear an angry hiss. x2; You hear a trumpeting!
You hear a croak.
You hear an angry hiss.
You hear a trumpeting!
You hear an angry hiss.
You hear a croak.
You hear an angry growl.
You shoot an arrow.
The arrow barely misses the komodo dragon.
The komodo dragon bites you.
You shoot an arrow. The arrow hits the komodo dragon!!
The komodo dragon is severely wounded.
You shoot an arrow. The arrow hits the komodo dragon!!
You kill the komodo dragon!
Okawaru accepts your kill.
You start resting.
A black mamba comes into view.
You shoot an arrow. The arrow misses the black mamba.
You shoot an arrow. The arrow hits the black mamba!!
The black mamba is severely wounded.
Your surroundings suddenly seem different.
A polar bear and an eight-headed hydra come into view.
Found 26 gold pieces and a wand of polymorph (5).
Found a stone staircase leading up.
The eight-headed hydra roars!
You hear an angry hiss.
The polar bear growls angrily.
You hear an angry hiss.
12440 ||| FLEEEEING.
12441 ||| READING 2 scrolls of teleportation.
As you read the scroll of teleportation, it crumbles to dust.
You feel strangely unstable.
You shoot an arrow. The arrow hits the eight-headed hydra!
The eight-headed hydra is moderately wounded.
The eight-headed hydra completely misses you.
The eight-headed hydra misses you.
The eight-headed hydra bites you but does no damage.
The eight-headed hydra misses you. The eight-headed hydra bites you! x2
You die...

...#.... .
..#........ ..
.....#...# ...
#....#...# #
./..#........#.#
......<.#.....#$
........#......#
....#.@#.......
......D...h....#
................
................
................
..............#.
.............#.#
...........### #
...........


You could see an eight-headed hydra and a polar bear.

Vanquished Creatures
  Josephine (Lair:3)
  2 boulder beetles (Lair:2)
  15 death yaks
  2 skysharks
  A lindwurm (Lair:3)
  Pikel (D:7)
  A salamander (Lair:2)
  An oklob plant (Lair:3)
  An ice statue (Lair:2)
  13 elephants
  5 black mambas
  8 cane toads
  A rime drake (Lair:2)
  7 komodo dragons
  An ice devil (Lair:2)
  4 polar bears
  Grinder (D:4)
  7 blink frogs
  6 wraiths
  20 yaks
  A dire elephant simulacrum (Lair:2)
  4 basilisks
  A steam dragon (D:8)
  Menkaure (D:4)
  A naga (Lair:2)
  Duvessa (D:7)
  11 water moccasins
  3 black bears
  An ogre (D:6)
  2 wolves (Lair:2)
  4 centaurs
  4 lemures (D:7)
  3 kobold brigands
  A weeping skull (D:5)
  9 bullfrogs
  A gnoll sergeant (D:8)
  3 scorpions
  Dowan (D:7)
  6 howler monkeys
  3 electric eels
  3 lava snakes (Lair:4)
  A bombardier beetle (D:3)
  4 hounds
  2 jellies (D:8)
  An orc priest (D:6)
  2 gnoll boudas (D:5)
  A sleepcap (D:6)
  Ijyb (D:5)
  2 iguanas
  2 orc wizards (D:6)
  A wolf simulacrum (Lair:2)
  12 gnolls
  4 adders
  2 river rats
  6 ufetubi
  6 dart slugs
  3 ribbon worms
  15 orcs
  8 ball pythons
  8 endoplasms
  7 giant cockroaches
  6 goblins
  8 hobgoblins
  5 jackals
  14 kobolds
  5 quokkas
  3 bats
  11 frilled lizards
  8 rats
  A spectral orc (D:5)
311 creatures vanquished.

Notes
Turn   | Place    | Note
-------+----------+-------------------------------------------
     0 | D:1      | qw the Gargoyle Hunter began the quest for the Orb.
     0 | D:1      | Reached XP level 1. HP: 12/12 MP: 1/1
     0 | D:1      | 0 ||| qw: Version: 0.3-a-132-g3d54051
     0 | D:1      | 0 ||| qw: Game counter: 529
     0 | D:1      | 0 ||| qw: Melee chars always use a shield: true
     0 | D:1      | 0 ||| qw: God list: Okawaru
     0 | D:1      | 0 ||| qw: Allow faded altars: false
     0 | D:1      | 0 ||| qw: Do Orc after clearing Dungeon:15 true
     0 | D:1      | 0 ||| qw: Do second Lair branch before Depths: true
     0 | D:1      | 0 ||| qw: Lair rune preference: random
     0 | D:1      | 0 ||| qw: Goals: Normal
     0 | D:1      | 0 ||| PLANNING D:1-11
    89 | D:1      | Reached XP level 2. HP: 13/17 MP: 2/2
   286 | D:1      | Reached XP level 3. HP: 21/21 MP: 3/3
   607 | D:1      | Reached skill level 5 in Ranged Weapons
   740 | D:1      | 740 ||| UPGRADING to +0 pair of boots.
   745 | D:1      | 745 ||| UPGRADING to +0 ring mail.
   755 | D:1      | 755 ||| DROPPING +0 leather armour.
   756 | D:1      | 756 ||| READING scroll labelled ISYLEN JULEO.
   761 | D:1      | 761 ||| READING scroll labelled MOVUEJ ZAFEISKYE.
   761 | D:1      | 761 ||| IDENTIFYING pink potion
   762 | D:1      | 762 ||| READING scroll labelled DEZ XIT DUPN.
   763 | D:1      | 763 ||| DROPPING scroll of butterflies.
   964 | D:2      | Reached skill level 1 in Armour
   988 | D:2      | 988 ||| FLEEEEING.
  1359 | D:2      | 1359 ||| READING scroll of identify.
  1359 | D:2      | 1359 ||| IDENTIFYING grey potion
  1360 | D:2      | 1360 ||| READING 2 scrolls labelled WEMECS QUOT.
  1361 | D:2      | 1361 ||| READING scroll labelled WAOBIGIJ FATYSE.
  1361 | D:2      | 1361 ||| ENCHANTING +0 shortbow.
  1362 | D:2      | 1362 ||| DROPPING scroll of fog.
  1363 | D:2      | 1363 ||| DROPPING potion of ambrosia.
  1388 | D:3      | 1388 ||| PLANNING SEWER
  1443 | D:3      | Reached skill level 3 in Fighting
  1443 | D:3      | Reached XP level 4. HP: 29/29 MP: 4/4
  1466 | D:3      | Found Xugg's Antique Armour Shoppe.
  1498 | D:3      | 1498 ||| READING scroll of enchant weapon.
  1498 | D:3      | 1498 ||| ENCHANTING +1 shortbow.
  1606 | D:3      | Reached XP level 5. HP: 33/33 MP: 5/5
  1637 | D:3      | Found a glowing drain.
  1638 | D:3      | 1638 ||| SWAPPING to +3 orcbow.
  1652 | D:3      | 1652 ||| DROPPING +2 shortbow.
  1653 | D:3      | 1653 ||| UPGRADING to +0 pair of gloves.
  1658 | D:3      | 1658 ||| READING scroll of identify.
  1658 | D:3      | 1658 ||| IDENTIFYING scroll labelled UMMALL PEZI
  1659 | D:3      | 1659 ||| DROPPING scroll of silence.
  1668 | Sewer    | Entered a sewer
  1725 | Sewer    | Noticed a kobold brigand
  1729 | Sewer    | 1729 ||| ZAPPING wand of iceblast (12) at -5,1 (kobold
                  | brigand; shallow_water).
  1730 | Sewer    | 1730 ||| ZAPPING wand of iceblast (11) at -5,1 (kobold
                  | brigand; shallow_water).
  1730 | Sewer    | Killed a kobold brigand
  1731 | Sewer    | Reached skill level 6 in Ranged Weapons
  1754 | Sewer    | Found a white marble altar of Elyvilon.
  1799 | D:3      | 1799 ||| PLANNING D:1-11
  1963 | D:3      | Reached XP level 6. HP: 38/38 MP: 6/6
  1983 | D:3      | Found a runed translucent door.
  1984 | D:3      | Noticed qw's ghost (weakling GrHu)
  2201 | D:3      | 2201 ||| UPGRADING to +6 ring of strength.
  2202 | D:3      | 2202 ||| UPGRADING to +6 ring of dexterity.
  2203 | D:3      | 2203 ||| READING scroll of identify.
  2203 | D:3      | 2203 ||| IDENTIFYING 2 golden potions
  2204 | D:3      | 2204 ||| READING scroll labelled KEMIFUO OXTOSM.
  2205 | D:3      | 2205 ||| DROPPING 2 potions of brilliance.
  2471 | D:4      | Noticed Grinder
  2472 | D:4      | 2472 ||| ZAPPING wand of iceblast (10) at 1,-3 (Grinder;
                  | floor).
  2473 | D:4      | 2473 ||| ZAPPING wand of iceblast (9) at 1,-2 (Grinder;
                  | floor).
  2479 | D:4      | Killed Grinder
  2480 | D:4      | Reached skill level 7 in Ranged Weapons
  2480 | D:4      | Reached XP level 7. HP: 23/43 MP: 7/7
  2480 | D:4      | 2480 ||| FLEEEEING.
  2483 | D:4      | 2483 ||| STAIRDANCE
  2585 | D:3      | 2585 ||| DROPPING scarf of invisibility.
  2935 | D:4      | Noticed Menkaure
  2937 | D:4      | Killed Menkaure
  2938 | D:4      | Reached skill level 8 in Ranged Weapons
  3044 | D:4      | 3044 ||| READING scroll of identify.
  3044 | D:4      | 3044 ||| IDENTIFYING fizzy orange potion
  3045 | D:4      | 3045 ||| DROPPING potion of lignification.
  3076 | D:5      | Entered Level 5 of the Dungeon
  3115 | D:5      | 3115 ||| RETREEEEATING.
  3119 | D:5      | 3119 ||| RETREEEEATING.
  3120 | D:5      | 3120 ||| RETREEEEATING.
  3121 | D:5      | 3121 ||| RETREEEEATING.
  3125 | D:5      | 3125 ||| RETREEEEATING.
  3137 | D:5      | 3137 ||| FLEEEEING.
  3142 | D:5      | 3142 ||| STAIRDANCE
  3222 | D:5      | Found a broken altar of Ashenzari.
  3222 | D:5      | Found a blossoming altar of Fedhas.
  3222 | D:5      | Found a sparkling altar of Nemelex Xobeh.
  3310 | D:5      | Noticed Ijyb
  3315 | D:5      | Killed Ijyb
  3331 | D:5      | Reached XP level 8. HP: 40/49 MP: 8/8
  3331 | D:5      | 3331 ||| FLEEEEING.
  3535 | D:5      | Found a basalt altar of Yredelemnul.
  3586 | D:5      | Reached skill level 9 in Ranged Weapons
  3757 | D:5      | Reached skill level 3 in Dodging
  4038 | D:5      | 4038 ||| READING scroll labelled QYPNEIDEBB.
  4061 | D:6      | Reached skill level 6 in Fighting
  4091 | D:6      | 4091 ||| DRINKING 3 potions of curing.
  4091 | D:6      | 4091 ||| (to cure confusion)
  4278 | D:6      | Found a staircase to the Ecumenical Temple.
  4279 | D:6      | 4279 ||| PLANNING TEMPLE
  4280 | D:6      | 4280 ||| READING scroll of identify.
  4280 | D:6      | 4280 ||| IDENTIFYING green potion
  4281 | D:6      | 4281 ||| DRINKING 3 bubbling ruby potions.
  4281 | D:6      | Gained mutation: You occasionally lose the ability to drink
                  | potions when taking damage. [potion of mutation]
  4281 | D:6      | Gained mutation: You have a pair of small antennae on your
                  | head. [potion of mutation]
  4282 | D:6      | 4282 ||| DRINKING 2 potions of mutation.
  4282 | D:6      | Lost mutation: You have a pair of small antennae on your
                  | head. [potion of mutation]
  4282 | D:6      | Lost mutation: You occasionally lose the ability to drink
                  | potions when taking damage. [potion of mutation]
  4282 | D:6      | Gained mutation: Your flesh is heat resistant. (rF+)
                  | [potion of mutation]
  4282 | D:6      | Gained mutation: You are agile. (Dex +4, Str/Int -1)
                  | [potion of mutation]
  4282 | D:6      | Gained mutation: You have supernaturally acute eyesight.
                  | (SInv) [potion of mutation]
  4283 | D:6      | 4283 ||| DROPPING potion of berserk rage.
  4291 | Temple   | Entered the Ecumenical Temple
  4292 | Temple   | 4292 ||| PLANNING OKAWARU WORSHIP
  4296 | Temple   | Became a worshipper of Warmaster Okawaru
  4297 | Temple   | 4297 ||| PLANNING D:1-11
  4374 | D:6      | Reached XP level 9. HP: 55/55 MP: 9/9
  4375 | D:6      | Reached skill level 10 in Ranged Weapons
  4711 | D:6      | 4711 ||| READING scroll labelled YMNOPH HECZEAXT.
  4712 | D:6      | 4712 ||| DRINKING 3 viscous pink potions.
  4713 | D:6      | 4713 ||| DROPPING 2 potions of degeneration.
  4753 | D:7      | Noticed Pikel
  4754 | D:7      | 4754 ||| RETREEEEATING.
  4755 | D:7      | 4755 ||| RETREEEEATING.
  4757 | D:7      | 4757 ||| RETREEEEATING.
  4760 | D:7      | 4760 ||| RETREEEEATING.
  4761 | D:7      | 4761 ||| RETREEEEATING.
  4762 | D:7      | 4762 ||| RETREEEEATING.
  4763 | D:7      | 4763 ||| RETREEEEATING.
  4764 | D:7      | 4764 ||| RETREEEEATING.
  4765 | D:7      | 4765 ||| ZAPPING wand of iceblast (8) at 3,-3 (Pikel;
                  | floor).
  4766 | D:7      | 4766 ||| ZAPPING wand of iceblast (7) at 2,-2 (Pikel;
                  | floor).
  4769 | D:7      | Noticed Duvessa
  4775 | D:7      | 4775 ||| RETREEEEATING.
  4776 | D:7      | 4776 ||| RETREEEEATING.
  4777 | D:7      | 4777 ||| RETREEEEATING.
  4778 | D:7      | 4778 ||| RETREEEEATING.
  4779 | D:7      | 4779 ||| RETREEEEATING.
  4780 | D:7      | 4780 ||| RETREEEEATING.
  4781 | D:7      | 4781 ||| RETREEEEATING.
  4782 | D:7      | 4782 ||| RETREEEEATING.
  4783 | D:7      | 4783 ||| RETREEEEATING.
  4784 | D:7      | 4784 ||| RETREEEEATING.
  4786 | D:7      | Killed Pikel
  4786 | D:7      | Reached * piety under Okawaru
  4791 | D:7      | Killed Duvessa
  4792 | D:7      | Reached skill level 1 in Invocations
  4792 | D:7      | 4792 ||| FLEEEEING.
  4799 | D:7      | 4799 ||| STAIRDANCE
  4913 | D:7      | 4913 ||| FLEEEEING.
  5063 | D:7      | 5063 ||| FLEEEEING.
  5065 | D:7      | 5065 ||| FLEEEEING.
  5179 | D:7      | Found a shadowy altar of Dithmenos.
  5314 | D:7      | Found a radiant altar of Vehumet.
  5319 | D:7      | Noticed Dowan
  5425 | D:7      | 5425 ||| READING 5 scrolls of identify.
  5425 | D:7      | 5425 ||| IDENTIFYING glowing golden potion
  5438 | D:8      | 5438 ||| STAIRDANCE
  5447 | D:7      | Reached skill level 3 in Invocations
  5449 | D:7      | 5449 ||| INVOKING Heroism.
  5456 | D:7      | Killed Dowan
  5640 | D:8      | Reached ** piety under Okawaru
  5641 | D:8      | 5641 ||| FLEEEEING.
  5642 | D:8      | 5642 ||| FLEEEEING.
  5893 | D:8      | Found a staircase to the Lair.
  6000 | D:8      | Reached XP level 10. HP: 63/63 MP: 13/13
  6170 | D:8      | 6170 ||| PLANNING LAIR
  6170 | D:8      | 6170 ||| READING 6 scrolls of identify.
  6170 | D:8      | 6170 ||| IDENTIFYING amethyst potion
  6171 | D:8      | 6171 ||| READING 5 scrolls of identify.
  6171 | D:8      | 6171 ||| IDENTIFYING glowing clear potion
  6197 | Lair:1   | Entered Level 1 of the Lair of Beasts
  6198 | Lair:1   | Noticed a black mamba
  6199 | Lair:1   | 6199 ||| INVOKING Heroism.
  6206 | Lair:1   | Killed a black mamba
  6227 | Lair:1   | Noticed a cane toad
  6228 | Lair:1   | 6228 ||| INVOKING Heroism.
  6233 | Lair:1   | Killed a cane toad
  6234 | Lair:1   | Reached skill level 11 in Ranged Weapons
  6383 | Lair:1   | 6383 ||| INVOKING Heroism.
  6635 | Lair:1   | 6635 ||| RETREEEEATING.
  6636 | Lair:1   | 6636 ||| RETREEEEATING.
  6637 | Lair:1   | 6637 ||| RETREEEEATING.
  6638 | Lair:1   | 6638 ||| RETREEEEATING.
  6639 | Lair:1   | 6639 ||| RETREEEEATING.
  6641 | Lair:1   | 6641 ||| RETREEEEATING.
  6644 | Lair:1   | 6644 ||| RETREEEEATING.
  6645 | Lair:1   | 6645 ||| INVOKING Heroism.
  6650 | Lair:1   | Reached *** piety under Okawaru
  6664 | Lair:1   | Reached skill level 12 in Ranged Weapons
  6762 | Lair:1   | Noticed a cane toad
  6763 | Lair:1   | 6763 ||| INVOKING Heroism.
  6771 | Lair:1   | Killed a cane toad
  6875 | Lair:1   | 6875 ||| UPGRADING to +0 helmet.
  6923 | Lair:2   | Identified the +4 spear of the Silent Majority {flame,
                  | ^Drain rCorr Str+5 Int-3}
  6948 | Lair:2   | Identified the +5 short sword "Fotae" {holy, rElec rCorr}
  6978 | Lair:2   | Noticed a cane toad
  6979 | Lair:2   | 6979 ||| INVOKING Heroism.
  6984 | Lair:2   | Killed a cane toad
  7058 | Lair:2   | 7058 ||| RETREEEEATING.
  7062 | Lair:2   | Reached **** piety under Okawaru
  7063 | Lair:2   | Reached XP level 11. HP: 68/68 MP: 14/14
  7178 | Lair:2   | Found a staircase to the Snake Pit.
  7179 | Lair:2   | Noticed a salamander
  7180 | Lair:2   | 7180 ||| INVOKING Finesse.
  7198 | Lair:2   | Killed a salamander
  7263 | Lair:2   | 7263 ||| SWAPPING to +0 longbow.
  7268 | Lair:2   | 7268 ||| INVOKING Finesse.
  7269 | Lair:2   | 7269 ||| INVOKING Heroism.
  7275 | Lair:2   | Reached skill level 13 in Ranged Weapons
  7342 | Lair:2   | 7342 ||| DROPPING +3 orcbow.
  7364 | Lair:2   | 7364 ||| INVOKING Finesse.
  7367 | Lair:2   | 7367 ||| Stepping ~*~*~tactically~*~*~ (cloud).
  7403 | Lair:2   | 7403 ||| FLEEEEING.
  7404 | Lair:2   | 7404 ||| INVOKING Finesse.
  7405 | Lair:2   | 7405 ||| Stepping ~*~*~tactically~*~*~ (cloud).
  7444 | Lair:2   | Reached skill level 9 in Fighting
  7452 | Lair:2   | 7452 ||| INVOKING Heroism.
  7457 | Lair:2   | 7457 ||| ZAPPING wand of quicksilver (11) at -7,0 (ice
                  | statue; floor).
  7458 | Lair:2   | 7458 ||| ZAPPING wand of quicksilver (10) at -7,0 (ice
                  | statue; floor).
  7459 | Lair:2   | 7459 ||| ZAPPING wand of quicksilver (9) at -7,0 (ice
                  | statue; floor).
  7463 | Lair:2   | 7463 ||| ZAPPING wand of quicksilver (8) at -7,0 (ice
                  | statue; floor).
  7464 | Lair:2   | 7464 ||| ZAPPING wand of quicksilver (7) at -7,0 (ice
                  | statue; floor).
  7465 | Lair:2   | 7465 ||| ZAPPING wand of quicksilver (6) at -7,0 (ice
                  | statue; floor).
  7466 | Lair:2   | 7466 ||| ZAPPING wand of quicksilver (5) at -7,0 (ice
                  | statue; floor).
  7479 | Lair:2   | Noticed a death yak
  7481 | Lair:2   | Killed a death yak
  7522 | Lair:2   | Noticed a boulder beetle
  7523 | Lair:2   | 7523 ||| INVOKING Finesse.
  7536 | Lair:2   | Killed a boulder beetle
  7602 | Lair:2   | Reached skill level 6 in Invocations
  7615 | Lair:2   | 7615 ||| FLEEEEING.
  7663 | Lair:2   | Found a hide-covered altar of Uskayaw.
  7664 | Lair:2   | Noticed a boulder beetle
  7665 | Lair:2   | 7665 ||| INVOKING Finesse.
  7684 | Lair:2   | Killed a boulder beetle
  7685 | Lair:2   | Reached skill level 14 in Ranged Weapons
  7713 | Lair:2   | Found an ornate altar of the Wu Jian Council.
  7887 | Lair:2   | Noticed a death yak
  7888 | Lair:2   | 7888 ||| INVOKING Finesse.
  7891 | Lair:2   | Noticed a death yak
  7891 | Lair:2   | Noticed a death yak
  7905 | Lair:2   | Killed a death yak
  7913 | Lair:2   | Killed a death yak
  7913 | Lair:2   | HP: 16/71 [death yak (16)]
  7914 | Lair:2   | Reached XP level 12. HP: 17/76 MP: 13/17
  7914 | Lair:2   | 7914 ||| READING 6 scrolls of teleportation.
  7915 | Lair:2   | 7915 ||| DRINKING 3 potions of heal wounds.
  8535 | Lair:2   | 8535 ||| INVOKING Finesse.
  8544 | Lair:2   | Killed a death yak
  8545 | Lair:2   | Reached skill level 6 in Dodging
  8666 | Lair:2   | 8666 ||| DROPPING ring of magical power.
  8667 | Lair:2   | 8667 ||| READING 5 scrolls of identify.
  8667 | Lair:2   | 8667 ||| IDENTIFYING scroll labelled UMAPSUYLEI
  8668 | Lair:2   | 8668 ||| DROPPING scroll of blinking.
  8699 | Lair:3   | 8699 ||| PLANNING GAUNTLET
  8701 | Lair:3   | 8701 ||| STAIRDANCE
  8703 | Lair:2   | 8703 ||| FLEEEEING.
  8804 | Lair:3   | 8804 ||| STAIRDANCE
  8816 | Lair:2   | 8816 ||| FLEEEEING.
  8993 | Lair:3   | 8993 ||| STAIRDANCE
  8995 | Lair:2   | 8995 ||| FLEEEEING.
  9021 | Lair:3   | 9021 ||| STAIRDANCE
  9023 | Lair:2   | 9023 ||| FLEEEEING.
  9087 | Lair:3   | 9087 ||| STAIRDANCE
  9089 | Lair:2   | 9089 ||| FLEEEEING.
  9120 | Lair:3   | Noticed a skyshark
  9121 | Lair:3   | 9121 ||| INVOKING Finesse.
  9130 | Lair:3   | Killed a skyshark
  9172 | Lair:3   | 9172 ||| RIP GAUNTLET
  9176 | Lair:3   | 9176 ||| PLANNING LAIR
  9189 | Lair:3   | 9189 ||| RETREEEEATING.
  9191 | Lair:3   | 9191 ||| RETREEEEATING.
  9212 | Lair:3   | Reached skill level 9 in Invocations
  9212 | Lair:3   | 9212 ||| FLEEEEING.
  9393 | Lair:3   | Reached ***** piety under Okawaru
  9408 | Lair:3   | 9408 ||| FLEEEEING.
  9468 | Lair:3   | Noticed Josephine
  9469 | Lair:3   | 9469 ||| INVOKING Finesse.
  9482 | Lair:3   | Killed Josephine
  9629 | Lair:3   | Found a staircase to the Swamp.
  9646 | Lair:3   | 9646 ||| FLEEEEING.
  9779 | Lair:3   | 9779 ||| INVOKING Finesse.
  9780 | Lair:3   | 9780 ||| INVOKING Heroism.
  9964 | Lair:3   | 9964 ||| INVOKING Finesse.
  9965 | Lair:3   | 9965 ||| INVOKING Heroism.
 10148 | Lair:3   | 10148 ||| FLEEEEING.
 10389 | Lair:3   | 10389 ||| DROPPING amulet of magic regeneration.
 10390 | Lair:3   | 10390 ||| READING 4 scrolls of identify.
 10390 | Lair:3   | 10390 ||| IDENTIFYING smoky ruby potion
 10391 | Lair:3   | 10391 ||| DROPPING potion of invisibility.
 10468 | Lair:4   | 10468 ||| RETREEEEATING.
 10473 | Lair:4   | 10473 ||| RETREEEEATING.
 10476 | Lair:4   | 10476 ||| RETREEEEATING.
 10485 | Lair:4   | Reached skill level 15 in Ranged Weapons
 10496 | Lair:4   | 10496 ||| FLEEEEING.
 10506 | Lair:4   | 10506 ||| STAIRDANCE
 10555 | Lair:4   | Found a staircase to the Slime Pits.
 10555 | Lair:4   | Found a viscous altar of Jiyva.
 10636 | Lair:4   | Noticed a skyshark
 10637 | Lair:4   | 10637 ||| INVOKING Finesse.
 10647 | Lair:4   | Killed a skyshark
 10656 | Lair:4   | Reached XP level 13. HP: 82/82 MP: 15/20
 10663 | Lair:4   | 10663 ||| FLEEEEING.
 10664 | Lair:4   | 10664 ||| FLEEEEING.
 10665 | Lair:4   | 10665 ||| FLEEEEING.
 10667 | Lair:4   | 10667 ||| FLEEEEING.
 10668 | Lair:4   | 10668 ||| FLEEEEING.
 10669 | Lair:4   | 10669 ||| FLEEEEING.
 10670 | Lair:4   | 10670 ||| FLEEEEING.
 10671 | Lair:4   | 10671 ||| FLEEEEING.
 10672 | Lair:4   | 10672 ||| FLEEEEING.
 10673 | Lair:4   | 10673 ||| FLEEEEING.
 10674 | Lair:4   | 10674 ||| FLEEEEING.
 10675 | Lair:4   | 10675 ||| FLEEEEING.
 10676 | Lair:4   | 10676 ||| FLEEEEING.
 10677 | Lair:4   | 10677 ||| FLEEEEING.
 10678 | Lair:4   | 10678 ||| FLEEEEING.
 10679 | Lair:4   | 10679 ||| FLEEEEING.
 10680 | Lair:4   | 10680 ||| FLEEEEING.
 10682 | Lair:4   | 10682 ||| FLEEEEING.
 10864 | Lair:4   | 10864 ||| RETREEEEATING.
 10865 | Lair:4   | 10865 ||| INVOKING Finesse.
 10890 | Lair:4   | 10890 ||| FLEEEEING.
 10891 | Lair:4   | 10891 ||| FLEEEEING.
 10892 | Lair:4   | 10892 ||| FLEEEEING.
 10893 | Lair:4   | 10893 ||| FLEEEEING.
 10894 | Lair:4   | 10894 ||| FLEEEEING.
 10895 | Lair:4   | 10895 ||| FLEEEEING.
 10905 | Lair:4   | Reached skill level 16 in Ranged Weapons
 10905 | Lair:4   | HP: 18/82 [death yak (14)]
 10906 | Lair:4   | 10906 ||| READING 6 scrolls of teleportation.
 10907 | Lair:4   | 10907 ||| DRINKING 2 potions of heal wounds.
 10912 | Lair:4   | 10912 ||| FLEEEEING.
 10914 | Lair:4   | 10914 ||| STAIRDANCE
 11115 | Lair:4   | 11115 ||| FLEEEEING.
 11116 | Lair:4   | 11116 ||| FLEEEEING.
 11117 | Lair:4   | 11117 ||| FLEEEEING.
 11118 | Lair:4   | 11118 ||| FLEEEEING.
 11280 | Lair:4   | Reached skill level 6 in Armour
 11424 | Lair:4   | 11424 ||| FLEEEEING.
 11425 | Lair:4   | 11425 ||| FLEEEEING.
 11426 | Lair:4   | 11426 ||| FLEEEEING.
 11427 | Lair:4   | 11427 ||| FLEEEEING.
 11428 | Lair:4   | 11428 ||| FLEEEEING.
 11462 | Lair:4   | 11462 ||| FLEEEEING.
 11722 | Lair:4   | Received a gift from Okawaru
 11776 | Lair:4   | 11776 ||| FLEEEEING.
 11909 | Lair:4   | 11909 ||| FLEEEEING.
 12276 | Lair:4   | 12276 ||| READING 4 scrolls of identify.
 12276 | Lair:4   | 12276 ||| IDENTIFYING scroll labelled RUSE ZAPYS
 12277 | Lair:4   | 12277 ||| READING scroll of enchant armour.
 12277 | Lair:4   | 12277 ||| ENCHANTING +0 pair of gloves.
 12310 | Lair:5   | Entered Level 5 of the Lair of Beasts
 12321 | Lair:5   | 12321 ||| RETREEEEATING.
 12322 | Lair:5   | 12322 ||| RETREEEEATING.
 12323 | Lair:5   | 12323 ||| RETREEEEATING.
 12324 | Lair:5   | 12324 ||| RETREEEEATING.
 12325 | Lair:5   | 12325 ||| RETREEEEATING.
 12326 | Lair:5   | 12326 ||| RETREEEEATING.
 12331 | Lair:5   | 12331 ||| INVOKING Finesse.
 12341 | Lair:5   | 12341 ||| INVOKING Heroism.
 12346 | Lair:5   | 12346 ||| RETREEEEATING.
 12347 | Lair:5   | 12347 ||| RETREEEEATING.
 12348 | Lair:5   | 12348 ||| RETREEEEATING.
 12349 | Lair:5   | 12349 ||| RETREEEEATING.
 12350 | Lair:5   | 12350 ||| RETREEEEATING.
 12351 | Lair:5   | 12351 ||| RETREEEEATING.
 12352 | Lair:5   | 12352 ||| RETREEEEATING.
 12353 | Lair:5   | 12353 ||| RETREEEEATING.
 12354 | Lair:5   | 12354 ||| RETREEEEATING.
 12355 | Lair:5   | 12355 ||| RETREEEEATING.
 12356 | Lair:5   | 12356 ||| RETREEEEATING.
 12360 | Lair:5   | 12360 ||| RETREEEEATING.
 12361 | Lair:5   | 12361 ||| RETREEEEATING.
 12362 | Lair:5   | 12362 ||| RETREEEEATING.
 12362 | Lair:5   | HP: 17/84 [death yak (14)]
 12363 | Lair:5   | 12363 ||| READING 5 scrolls of teleportation.
 12364 | Lair:5   | 12364 ||| DRINKING potion of heal wounds.
 12365 | Lair:5   | 12365 ||| RETREEEEATING.
 12366 | Lair:5   | 12366 ||| RETREEEEATING.
 12411 | Lair:5   | 12411 ||| INVOKING Finesse.
 12422 | Lair:5   | HP: 21/84 [blink frog (5)]
 12423 | Lair:5   | 12423 ||| READING 4 scrolls of teleportation.
 12430 | Lair:5   | HP: 16/84 [blink frog (3)]
 12433 | Lair:5   | 12433 ||| READING 3 scrolls of teleportation.
 12440 | Lair:5   | 12440 ||| FLEEEEING.
 12441 | Lair:5   | 12441 ||| READING 2 scrolls of teleportation.
 12442 | Lair:5   | HP: 3/84 [eight-headed hydra (12)]
 12442 | Lair:5   | Mangled by an eight-headed hydra

Levels and vault maps discovered:
D:1:      psy_arrival_spokes, layout_basic
D:2:      layout_basic
D:3:      layout_loops_ring, portal_sewer_entry_a, serial_shops, shop,
          gammafunk_ghost_grave
D:4:      layout_loops_ring, minmay_lizard_king, uniq_menkaure, uniq_grinder
D:5:      layout_basic, yredelemnul_forgotten_temple_becter,
          gammafunk_temple_overflow_claw, uniq_ijyb
D:6:      layout_loops_ring, minmay_temple_entry_sparse_star
D:7:      layout_cave_pools, mainiacjoe_overflow_boulevard,
          general_overflow_altar, minmay_gold_behind_fungi,
          minmay_misc_feat_secret_circle, nicolae_lava_and_water, uniq_duvessa,
          uniq_pikel
D:8:      layout_basic, lair_entry_dummy
Temple:   compressed_dpeg_triangle_lava_temple
Lair:1:   layout_concentric_octagons, grunt_megastairs_5
Lair:2:   dreamdust_isle_of_ice, layout_layer_cave, alex1729_snake_entry_snake,
          nzn_masters_of_martial_movement
Lair:3:   layout_cellular_growth, swamp_mist_pool, gauntlet_entry_generic,
          serial_bayou_shore_a, uniq_josephine
Lair:4:   layout_layer_cave, slime_entry_1, nicolae_lair_liquid_snakes,
          grunt_megastairs_2, serial_bayou_shore_b, lemuel_fruit_tree
Lair:5:   due_jungle_book, layout_gridlike, grunt_megastairs_4

Skill      XL: |  1  2  3  4  5  6  7  8  9 10 11 12 13 |
---------------+----------------------------------------+-----
Ranged Weapons | 5 6 7 8 9 10 12 14 15 16 | 16.9
Armour         | 1 2 5 6 |  6.1
Fighting       | 3 4 5 6 7 8 9 10 11 | 11.1
Dodging        | 2 3 4 5 6 7 |  7.0
Invocations    | 4 7 10 | 10.0
Stealth        | |  1.1

Action                     |  1- 3 |  4- 6 |  7- 9 | 10-12 | 13-15 || total
---------------------------+-------+-------+-------+-------+-------++-------
   Fire: Shortbow          |   134 |    31 |       |       |       ||   165
         Orcbow            |       |    81 |   320 |   118 |       ||   519
         Longbow           |       |       |       |   404 |   305 ||   709
 Invoke: Heroism           |       |       |     1 |    10 |     1 ||    12
         Finesse           |       |       |       |    13 |     3 ||    16
  Evoke: Wand              |       |     4 |     2 |     7 |       ||    13
    Use: Scroll            |     6 |     4 |     5 |     5 |     7 ||    27
         Potion            |       |       |     4 |     1 |     2 ||     7
 Armour: Leather armour    |    14 |       |       |       |       ||    14
         Ring mail         |    14 |    25 |   108 |   125 |   118 ||   390
  Dodge: Dodged            |    33 |    31 |   132 |   129 |   151 ||   476

Table legend:
 A = Non-vault XP
 B = Vault XP
 C = Vault XP percentage of total XP
 D = Non-vault monster count
 E = Vault monster count
 F = Vault count percentage of total count
                 A         B        C        D         E       F
            +---------+---------+-------+---------+---------+-------
      Total |   40121 |   10731 |  21.1 |     248 |      59 |  19.2
            +---------+---------+-------+---------+---------+-------
        D:1 |      42 |       0 |   0.0 |      22 |       0 |   0.0
        D:2 |      38 |       0 |   0.0 |      20 |       0 |   0.0
        D:3 |     107 |      19 |  15.1 |      22 |       4 |  15.4
        D:4 |     165 |     491 |  74.8 |      20 |       9 |  31.0
        D:5 |     680 |     139 |  17.0 |      23 |       3 |  11.5
        D:6 |     672 |       0 |   0.0 |      16 |       0 |   0.0
        D:7 |     537 |     856 |  61.5 |       7 |       3 |  30.0
        D:8 |     887 |       0 |   0.0 |      20 |       0 |   0.0
     Lair:1 |    3542 |     330 |   8.5 |      15 |       2 |  11.8
     Lair:2 |    6868 |    5189 |  43.0 |      17 |      16 |  48.5
     Lair:3 |    7080 |    1966 |  21.7 |      23 |       6 |  20.7
     Lair:4 |   11230 |    1622 |  12.6 |      28 |       9 |  24.3
     Lair:5 |    8273 |       0 |   0.0 |      15 |       0 |   0.0
      Sewer |       0 |     119 | 100.0 |       0 |       7 | 100.0
            +---------+---------+-------+---------+---------+-------
